Map: Acropolis LE

Players

Bunny - Winner!

  • Race: Terran Terran
  • Spawn Location: 5:00

Zanster

  • Race: Zerg Zerg
  • Spawn Location: 11:00

Event: HomeStory Cup XX

VOD

Have the link to the VOD?

Description

Time

  • Played on: Nov. 22, 2019, 7:20 a.m.
  • Length: 10:33

All games in this series

Show
View Real Time Build Order
Export as new Build Order

Bunny Terran - Winner!

Build Orders: Liberator Opening, Reaper Expand 

Get SALT Encoding   

  12  0:01  SCV  
  13  0:13  SCV  
  14  0:17  Supply Depot  
  14  0:25  SCV  
  15  0:38  SCV  
  15  0:40  Barracks  
  16  0:44  Refinery  
  16  0:50  SCV  
  17  1:02  SCV  
  18  1:14  SCV  
  19  1:27  Orbital Command, Reaper  
  20  1:40  Command Center  
  20  1:52  Supply Depot, SCV  
  21  1:59  Marine  
  22  2:04  SCV  
  22  2:08  Factory  
  23  2:16  SCV  
  23  2:18  Refinery  
  23  2:21  Barracks Reactor  
  24  2:29  SCV  
  25  2:41  SCV  
  26  2:53  SCV  
  26  2:54  Starport, Orbital Command  
  27  3:03  Hellion x2  
  27  3:05  SCV  
  32  3:08  Marine  
  33  3:15  Liberator  
  33  3:17  SCV  
  34  3:20  SCV  
  34  3:24  Hellion x2  
  34  3:26  Supply Depot  
  39  3:29  SCV  
  39  3:32  SCV  
  44  3:34  Barracks Tech Lab  
  44  3:41  SCV  
  44  3:44  SCV  
  48  3:48  Hellion  
  48  3:49  Hellion  
  48  3:54  Supply Depot  
  48  3:55  SCV  
  51  3:56  SCV  
  51  4:02  Liberator  
  52  4:09  Command Center  
  52  4:14  SCV x2  
  53  4:28  SCV x2  
  53  4:30  Marine  
  55  4:37  Stimpack  
  51  4:40  SCV x2  
  51  4:42  Refinery  
  51  4:43  Refinery, Barracks  
  51  4:44  Barracks  
  53  4:47  Factory Reactor  
  53  4:50  Engineering Bay  
  53  4:51  Engineering Bay  
  53  4:53  Supply Depot  
  53  4:56  SCV  
  53  4:57  SCV  
  55  5:01  Marine  
  55  5:04  Starport Reactor  
  56  5:08  SCV  
  56  5:09  SCV  
  58  5:15  Supply Depot  
  58  5:19  Marine  
  58  5:21  Orbital Command, SCV x2  
  61  5:22  Terran Infantry Weapons Level 1  
  61  5:24  Terran Infantry Armor Level 1  
  61  5:33  SCV x2  
  63  5:36  Factory Tech Lab  
  63  5:43  Marine x3, Orbital Command  
  63  5:44  Marine x2, Supply Depot  
  63  5:45  Medivac x2  
  63  5:48  SCV x2  
  74  6:00  Siege Tank, SCV x2  
  74  6:01  Marine x2  
  81  6:05  Supply Depot  
  81  6:12  SCV  
  81  6:13  SCV  
  81  6:15  Medivac x2  
  81  6:16  Marine x3  
  90  6:19  Marine, SCV  
  90  6:25  SCV x2  
  91  6:27  Barracks  
  91  6:28  Missile Turret, Barracks  
  91  6:29  Missile Turret  
  91  6:32  Missile Turret, SCV  
  92  6:35  Combat Shield, Armory  
  92  6:40  Supply Depot, SCV x2  
  92  6:46  Widow Mine  
  96  6:47  Marine x5  
  96  6:50  SCV  
  96  6:52  SCV  
  103  6:55  Supply Depot, SCV  
  103  7:00  Refinery  
  104  7:02  Supply Depot x2, SCV  
  104  7:05  Marine x3  
  101  7:11  Marine x2  
  101  7:15  Widow Mine  
  98  7:18  SCV x2  
  98  7:20  Medivac  
  97  7:30  Marine x4  
  97  7:31  Marine  
  97  7:36  Terran Infantry Weapons Level 2, Widow Mine, Terran Infantry Armor Level 2  
  99  7:40  Barracks Reactor x2  
  99  7:43  SCV x3  
  101  7:48  Marine x4  
  105  7:58  Widow Mine  
  104  8:00  Orbital Command  
  104  8:05  Marine  
  103  8:06  Marine x4  
  103  8:12  SCV x2  
  108  8:17  Marine  
  108  8:18  Marine x3  
  111  8:22  Sensor Tower  
  111  8:23  Marine x2  
  111  8:24  SCV x2  
  111  8:26  SCV  
  116  8:28  Widow Mine, Drilling Claws  
  118  8:42  Marine x8  
  118  8:47  SCV x3  
  126  8:52  Widow Mine  
  126  8:54  Marine  
  129  8:59  Marine, SCV  
  129  9:00  Marine x3, Medivac x2  
  138  9:05  Refinery x2  
  138  9:15  Marine x2, Barracks  
  138  9:16  Barracks x2  
  138  9:23  Marine x3  
  141  9:28  Marine x3  
  140  9:34  Marauder  
  140  9:35  Marine x2  
  140  9:40  Marine  
  140  9:41  Marine x2  
  132  9:46  Marine x3  
  129  9:52  Marine  
  129  9:53  Marine  
  129  9:54  Marine  
  129  9:58  Marine  
  129  9:59  Marine x2  
  131  10:03  Marine x3  
  131  10:04  Marine x3  
  131  10:10  Marine  
  131  10:11  Marine  
  131  10:12  Marine  
Show
View Real Time Build Order
Export as new Build Order

Zanster Zerg 

Build Orders: Hatch First, Muta Ling Bane 

Get SALT Encoding   

  12  0:00  Drone  
  13  0:13  Overlord  
  13  0:16  Drone  
  14  0:31  Drone x2  
  16  0:47  Hatchery  
  15  0:51  Drone  
  15  0:54  Drone  
  17  0:57  Drone  
  18  1:08  Extractor  
  17  1:13  Spawning Pool  
  17  1:16  Drone  
  17  1:19  Drone  
  18  1:29  Drone  
  20  1:40  Drone  
  20  1:50  Drone  
  21  2:00  Queen x2  
  25  2:01  Zergling x4  
  27  2:12  Drone, Overlord  
  28  2:30  Drone  
  28  2:31  Drone  
  28  2:33  Drone  
  28  2:35  Queen  
  28  2:36  Metabolic Boost, Queen  
  34  2:40  Drone  
  35  2:51  Overlord x2  
  35  3:04  Hatchery  
  35  3:05  Drone  
  35  3:11  Drone x3  
  38  3:14  Drone x2  
  38  3:16  Drone  
  41  3:22  Queen  
  41  3:26  Overlord  
  43  3:30  Drone  
  43  3:32  Drone x2  
  46  3:36  Drone  
  47  3:44  Lair  
  47  3:45  Drone  
  47  3:46  Extractor, Drone  
  48  3:50  Zergling x4  
  48  3:53  Overlord  
  48  3:54  Drone  
  50  3:56  Drone  
  50  4:00  Queen  
  53  4:04  Extractor  
  53  4:05  Drone  
  53  4:07  Drone  
  54  4:12  Zergling x2  
  54  4:14  Zergling x6  
  51  4:29  Drone x3  
  53  4:34  Drone x4  
  53  4:39  Drone  
  53  4:40  Drone x2  
  53  4:45  Extractor  
  55  4:47  Drone  
  55  4:50  Drone, Spire  
  55  4:52  Drone  
  57  4:55  Drone  
  57  4:57  Drone  
  59  5:00  Drone x2  
  59  5:02  Drone  
  59  5:05  Drone  
  63  5:08  Drone x2  
  65  5:18  Spore Crawler  
  65  5:19  Spore Crawler  
  61  5:24  Zergling x8  
  61  5:27  Drone  
  66  5:31  Overlord x2  
  66  5:35  Overseer  
  66  5:45  Spore Crawler, Overlord  
  65  5:50  Drone x8  
  65  5:53  Drone  
  65  5:56  Drone x2  
  65  5:57  Drone  
  77  5:59  Drone  
  78  6:08  Mutalisk  
  78  6:09  Mutalisk x2  
  78  6:10  Mutalisk  
  86  6:12  Mutalisk  
  86  6:22  Mutalisk x2  
  86  6:25  Overlord  
  90  6:28  Baneling Nest  
  90  6:29  Overlord  
  90  6:30  Drone  
  90  6:32  Overlord  
  90  6:46  Zergling x16  
  98  6:47  Drone x4  
  98  6:50  Evolution Chamber  
  98  6:53  Evolution Chamber  
  100  6:56  Zergling x4  
  100  6:58  Overlord  
  102  7:07  Zergling x12  
  104  7:11  Centrifical Hooks  
  104  7:13  Baneling x11  
  96  7:20  Zergling x2  
  96  7:21  Zergling x6  
  96  7:27  Overlord  
  87  7:37  Hatchery  
  87  7:38  Zergling x2  
  87  7:39  Zergling x4  
  88  7:54  Zerg Ground Armor Level 1  
  88  8:00  Zergling x16  
  90  8:14  Overlord  
  90  8:19  Mutalisk x6  
  100  8:27  Mutalisk  
  100  8:28  Mutalisk  
  102  8:34  Drone  
  103  8:46  Drone x7  
  106  8:51  Hatchery  
  106  8:53  Evolution Chamber  
  106  8:54  Zergling x4  
  104  8:56  Zergling x2  
  104  9:02  Zergling x4  
  105  9:10  Zergling x2  
  105  9:11  Zergling x14  
  105  9:17  Baneling x2  
  105  9:18  Baneling x2  
  105  9:21  Zergling x4  
  105  9:22  Baneling  
  105  9:23  Baneling x6  
  107  9:30  Zergling x6  
  107  9:34  Baneling x6  
  103  9:38  Baneling  
  103  9:39  Baneling x2  
  98  9:46  Zergling x18  
  104  9:55  Baneling x7  
  101  10:06  Zergling x10  
  97  10:16  Baneling x8  
Tags
 
Add a new tag
Caveats
  • Supply blocks, unpowered buildings, or Contaminate may cause inaccurate times.
  • Supply counts are checked every 10 seconds.